 Dungeon Crawl Stone Soup version 0.27.0-1-g7a089689b8 (console) character file.

Game seed: 13492175756374667233

2903 jejorda2 the Cleaver (level 9, 0/64 (71) HPs)
             Began as a Hill Orc Venom Mage on Aug 2, 2021.
             Was an Elder of Fedhas.
             Slain by a wight (14 damage)
             ... on level 6 of the Dungeon.
             The game lasted 00:30:56 (9844 turns).

jejorda2 the Cleaver (Hill Orc Venom Mage)          Turns: 9844, Time: 00:30:56

HP:   0/64 (71)     AC:  5    Str: 13      XL:     9   Next: 78%
MP:   13/13         EV: 16    Int: 17 (18) God:    Fedhas [****..]
Gold: 1227          SH:  4    Dex: 11      Spells: 5/14 levels left

rFire    . . .     SeeInvis .   a - +1 war axe (freeze)
rCold    + . .     Faith    .   (no shield)
rNeg     . . .     Spirit   .   k - +0 robe {rC+ rF+}
rPois    +         Reflect  .   (no helmet)
rElec    .         Harm     .   (no cloak)
rCorr    +         Rampage  .   x - +2 pair of gloves of Existentialism {rPois rF- Will++ Str+2}
Will     ++...                  (no boots)
Stlth    ++........             y - amulet of magic regeneration
HPRegen  0.20/turn              i - ring of resist corrosion
MPRegen  0.38/turn              u - +4 ring of evasion

@: drained
A: large bone plates 1, deterioration 1
a: Renounce Religion, Wall of Briars, Grow Ballistomycete, Overgrow


You were on level 6 of the Dungeon.
You worshipped Fedhas.
Fedhas was greatly pleased with you.
You visited 1 branch of the dungeon, and saw 7 of its levels.

You collected 1227 gold pieces.

Inventory:

Hand Weapons
 a - a +1 war axe of freezing (weapon)
 b - a +0 morningstar
 m - a +1 war axe
Missiles
 f - 8 boomerangs
 w - a throwing net
 z - 10 poisoned darts (quivered)
 D - 130 stones
Armour
 d - a +0 leather armour
 k - a +0 robe of resistance (worn)
 x - the +2 pair of gloves of Existentialism (worn) {rPois rF- Will++ Str+2}
   (You found it on level 4 of the Dungeon)

   Str:       It affects your strength (+2).
   rF:        It makes you vulnerable to fire.
   rPois:     It protects you from poison.
   Will:      It greatly increases your willpower.
Jewellery
 i - a ring of resist corrosion (left hand)
 u - a +4 ring of evasion (right hand)
 v - a ring of ice
 y - an amulet of magic regeneration (around neck)
Wands
 C - a wand of iceblast (6)
Scrolls
 c - a scroll of teleportation {unknown}
 B - a scroll of torment
Potions
 g - a potion of heal wounds {unknown}
 h - a potion of resistance {unknown}
 j - 2 potions of degeneration
 l - 2 potions of curing
 n - a potion of brilliance
 o - a potion of lignification {unknown}
 p - 2 potions of attraction
 q - 3 potions of haste
 t - a potion of invisibility {unknown}
 A - a potion of berserk rage


   Skills:
 - Level 4.0 Fighting
 * Level 9.8 Axes
 - Level 0.4(5.1) Maces & Flails
 - Level 2.0 Armour
 - Level 1.5 Dodging
 - Level 1.5 Stealth
 - Level 3.0 Spellcasting
 + Level 6.0 Conjurations
 - Level 1.0 Transmutations
 - Level 3.0 Air Magic
 + Level 5.7 Poison Magic


You had 5 spell levels left.
You knew the following spells:

 Your Spells              Type           Power      Damage    Failure   Level
b - Poisonous Vapours     Pois/Air       34%        N/A       4%          2
c - Mephitic Cloud        Conj/Pois/Air  19%        N/A       7%          3
d - Olgreb's Toxic Radia  Pois           22%        N/A       17%         4

Your spell library contained the following spells:

 Spells                   Type           Power      Damage    Failure   Level
 Sting                    Tmut/Pois      56%        1d5       4%          1


Dungeon Overview and Level Annotations

Branches:
Dungeon (7/15)             Temple (0/1) D:5

Altars:
Fedhas
Hepliaklqana
Makhleb
Okawaru
Trog
Wu Jian
Zin

Annotations:
D:5 2 transporters, DocClef's ghost, weakling GnDe


Innate Abilities, Weirdness & Mutations

You are partially covered in large bone plates. (SH +4)
Your body sometimes deteriorates upon taking damage.


Message History

The wight barely misses you.
You hit the wight.
The wight is heavily damaged.
The wight closely misses you.
You slash the wight!
The wight is almost destroyed.
You block the wight's attack.
You barely miss the wight.
The wight is almost destroyed.
The wight closely misses you.
You hit the wight.
You destroy the wight!
Fedhas accepts your kill.
Press: ? - help, v - describe, . - travel
Here: a wight, wielding a +0 spear and wearing a +0 robe The floor.
Unknown command.
There is a stone staircase leading up, spattered with blood here.
The wight hits you with a +3 dire flail.
The wight closely misses you.
You climb upwards.
There is a stone staircase leading down here.
You barely miss the wight.
The wight hits you with a +3 dire flail!
You feel drained.
You barely miss the wight. The wight hits you but does no damage.
You hit the wight but do no damage.
The wight hits you with a +3 dire flail!
You feel drained.
You hit the wight.
The wight is moderately damaged.
The wight hits you with a +3 dire flail.
* * * LOW HITPOINT WARNING * * *
You feel drained.
* * * LOW HITPOINT WARNING * * *
You hit the wight.
The wight is moderately damaged.
The wight hits you with a +3 dire flail!
You die...
Fedhas appreciates your contribution to the ecosystem.

...#...# #.###.## ...#...#
..8#._.# ...#...# ######## ###
#####.##########.##
#..............z#.#
..###.##########@## ...##.# ##.##
......###### #...# #..........#
#.#.# #..##.####.####...##
#..##..............#######
.......###.###..##.......########
...##### #.# #..########......).#
......## #.# #...............##.#


You could see a wight.

Vanquished Creatures
  Joseph (D:7)
  Maggie (D:6)
  Sigmund (D:5)
  A wyvern (D:7)
  An ice beast (D:6)
  A sky beast (D:7)
  An ogre (D:6)
  4 centaurs
  2 phantoms
  2 bullfrogs
  A water moccasin zombie (D:5)
  4 wights
  2 centaur zombies (D:6)
  A bullfrog skeleton (D:6)
  3 hounds
  A bullfrog zombie (D:5)
  A centaur skeleton (D:5)
  2 orc priests
  A gnoll shaman (D:6)
  3 iguanas
  Natasha (thrice) (D:3)
  5 orc wizards
  A hound zombie (D:3)
  A howler monkey zombie (D:6)
  4 adders
  11 gnolls
  A white imp (D:5)
  An adder zombie (D:5)
  2 worms
  2 dart slugs
  20 orcs
  3 endoplasms
  3 giant cockroaches
  8 hobgoblins
  3 jackals
  3 kobolds
  3 quokkas
  4 ball pythons
  2 bats (D:2)
  6 frilled lizards
  10 goblins
  A jackal skeleton (D:4)
  5 rats
136 creatures vanquished.

Vanquished Creatures (collateral kills)
  A ball python (D:4)
1 creature vanquished.

Vanquished Creatures (others)
  An orc wizard (D:6)
  A hound skeleton (D:4)
2 creatures vanquished.

Grand Total: 139 creatures vanquished

Notes
Turn   | Place    | Note
-------+----------+-------------------------------------------
     0 | D:1      | jejorda2 the Hill Orc Venom Mage began the quest for the
                  | Orb.
     0 | D:1      | Reached XP level 1. HP: 14/14 MP: 3/3
    25 | D:1      | Reached skill level 1 in Transmutations
   149 | D:1      | Reached XP level 2. HP: 22/22 MP: 0/4
   235 | D:1      | Reached skill level 1 in Fighting
   918 | D:2      | Noticed Natasha
   944 | D:2      | Reached XP level 3. HP: 4/29 MP: 0/6
   999 | D:3      | Learned a level 3 spell: Mephitic Cloud
  1236 | D:3      | Killed Natasha
  1301 | D:2      | Found a faded altar of an unknown god.
  1311 | D:2      | Became a worshipper of Fedhas Madash
  1311 | D:2      | Reached * piety under Fedhas
  1382 | D:2      | Reached skill level 1 in Conjurations
  1382 | D:2      | Reached XP level 4. HP: 33/37 MP: 0/7
  2547 | D:3      | Gained mutation: Your body sometimes deteriorates upon
                  | taking damage. [potion of mutation]
  2547 | D:3      | Gained mutation: You are partially covered in large bone
                  | plates. (SH +4) [potion of mutation]
  2841 | D:3      | Reached skill level 1 in Air Magic
  2841 | D:3      | Reached XP level 5. HP: 13/45 MP: 5/8
  3192 | D:3      | Noticed a centaur
  3205 | D:3      | Killed a centaur
  3205 | D:3      | Reached ** piety under Fedhas
  3206 | D:3      | Reached skill level 1 in Armour
  3400 | D:3      | Noticed Natasha
  3408 | D:3      | Killed Natasha
  3409 | D:3      | Reached XP level 6. HP: 46/52 MP: 9/9
  3454 | D:3      | Noticed Natasha
  3464 | D:3      | Killed Natasha
  4419 | D:3      | Learned a level 2 spell: Poisonous Vapours
  5979 | D:4      | Reached skill level 1 in Axes
  5979 | D:4      | Reached XP level 7. HP: 56/59 MP: 11/11
  6092 | D:4      | Identified the +2 pair of gloves of Existentialism {rPois
                  | rF- Will++ Str+2}
  6488 | D:5      | Entered Level 5 of the Dungeon
  6786 | D:5      | Reached skill level 2 in Axes
  6791 | D:5      | Learned a level 4 spell: Olgreb's Toxic Radiance
  7044 | D:5      | Noticed Sigmund
  7079 | D:5      | Killed Sigmund
  7080 | D:5      | Reached skill level 3 in Axes
  7217 | D:5      | Found a transporter.
  7217 | D:5      | Noticed DocClef's ghost (weakling GnDe)
  7244 | D:5      | Reached XP level 8. HP: 59/66 MP: 12/12
  7354 | D:5      | Reached *** piety under Fedhas
  7355 | D:5      | Reached skill level 4 in Axes
  7433 | D:5      | Found a transporter.
  7527 | D:5      | Found a glowing silver altar of Zin.
  7527 | D:5      | Found an iron altar of Okawaru.
  7621 | D:5      | Found a burning altar of Makhleb.
  7623 | D:5      | Found a bloodstained altar of Trog.
  7625 | D:5      | Found a hazy altar of Hepliaklqana.
  7665 | D:5      | Found a staircase to the Ecumenical Temple.
  7770 | D:5      | Reached skill level 5 in Axes
  8241 | D:6      | Reached skill level 6 in Axes
  8623 | D:6      | Reached skill level 7 in Axes
  8632 | D:6      | Identified a scroll of acquirement
  8632 | D:6      | Acquired 991 gold pieces
  8684 | D:6      | Noticed Maggie
  8710 | D:6      | Killed Maggie
  8711 | D:6      | Reached skill level 8 in Axes
  8711 | D:6      | Reached skill level 5 in Conjurations
  8711 | D:6      | Reached XP level 9. HP: 38/71 MP: 11/13
  8719 | D:6      | Reached skill level 5 in Poison Magic
  9117 | D:6      | Found an ornate altar of the Wu Jian Council.
  9447 | D:7      | Noticed Joseph
  9455 | D:7      | Reached **** piety under Fedhas
  9456 | D:7      | Reached skill level 9 in Axes
  9484 | D:7      | Killed Joseph
  9844 | D:6      | Slain by a wight

Illustrated notes

Levels and vault maps discovered:
D:1:      dpeg_arrival_pond, layout_rooms
D:2:      layout_basic, shapermc_ecumenical_altar_starsandcircs,
          minmay_surrounded, uniq_natasha
D:3:      layout_loops_corners
D:4:      layout_cave_pools, amcnicky_mini_corridor_feature, serial_bayou_pond_e
D:5:      layout_loops_cross, chequers_temple_overflow_minitemple,
          minmay_temple_entry_metal_lava, gammafunk_ghost_arena, uniq_sigmund
D:6:      layout_loops_ring, nicolae_wu_jian_immortal_techniques, uniq_maggie
D:7:      layout_loops_cross, uniq_joseph

Skill      XL: |  1  2  3  4  5  6  7  8  9 |
---------------+----------------------------+-----
Transmutations | 1 |  1.0
Fighting       | 1 2 3 4 |  4.0
Spellcasting   | 2 3 |  3.0
Conjurations   | 1 2 3 5 6 |  6.0
Air Magic      | 1 2 3 |  3.0
Armour         | 1 2 |  2.0
Axes           | 1 3 8 9 |  9.8
Poison Magic   | 3 4 5 |  5.7
Maces & Flails | |  0.4
Dodging        | |  1.5
Stealth        | |  1.5

Action                   |  1- 3 |  4- 6 |  7- 9 || total
-------------------------+-------+-------+-------++-------
Melee: Unarmed           |     6 |       |       ||     6
       Dagger            |    51 |   146 |    18 ||   215
       Short sword       |       |    22 |       ||    22
       War axe           |       |     6 |   292 ||   298
Throw: Stone             |     7 |     5 |       ||    12
       Dart              |       |       |     4 ||     4
 Cast: Sting             |    40 |    39 |     2 ||    81
       Mephitic Cloud    |       |     4 |    12 ||    16
       Poisonous Vapours |       |     1 |     5 ||     6
Evoke: Wand              |       |       |     3 ||     3
  Use: Potion            |       |     3 |       ||     3
       Scroll            |       |     5 |     5 ||    10
 Stab: Sleeping          |       |     1 |     3 ||     4
       Confused          |       |       |     8 ||     8
Armor: Robe              |     1 |       |    19 ||    20
       Leather armour    |     8 |    43 |    28 ||    79
Dodge: Dodged            |    43 |   121 |   215 ||   379
Block: Other             |       |    32 |    54 ||    86
